 Dungeon Crawl Stone Soup version 0.28-b1-1-g3c77fb2ed1 (webtiles) character file.

Game seed: 13700219294865618682

444 Minsecho the Chopper (level 7, -6/61 HPs)
             Began as a Hill Orc Fighter on Jan 29, 2022.
             Was an Initiate of Ashenzari.
             Mangled by an ogre (19 damage)
             ... on level 3 of the Dungeon.
             The game lasted 00:06:29 (4210 turns).

Minsecho the Chopper (Hill Orc Fighter)             Turns: 4210, Time: 00:06:29

Health: -6/61      AC:  7    Str: 19    XL:     7   Next: 3%
Magic:  7/7        EV:  9    Int: 10    God:    Ashenzari [......]
Gold:   224        SH:  4    Dex: 10    Spells: 6/6 levels left

rFire   . . .      SeeInvis +   a - +0 war axe "Regret of Ashenzari" {Fort, Cun} (curse)
rCold   . . .      Faith    .   c - +0 buckler
rNeg    . . .      Spirit   .   b - +0 scale mail
rPois   .          Reflect  .   (no helmet)
rElec   .          Harm     .   (no cloak)
rCorr   .          Rampage  .   (no gloves)
Will    .....                   (no boots)
Stlth   ..........              (no amulet)
HPRegen 0.20/turn               s - ring of see invisible
MPRegen 0.10/turn               (no ring)

@: no status effects
A: no striking features
a: Renounce Religion, Shatter the Chains


You were on level 3 of the Dungeon.
You worshipped Ashenzari.
Ashenzari was noncommittal.
You visited 2 branches of the dungeon, and saw 5 of its levels.

You collected 224 gold pieces.

Inventory:

Hand Weapons
 a - the cursed +0 war axe "Regret of Ashenzari" (weapon) {Fort, Cun}

   It has a curse which improves the following skills: Fortitude: Armour and
   Shields.
   Cunning:   Dodging and Stealth.
Armour
 b - a +0 scale mail (worn)
 c - a +0 buckler (worn)
Jewellery
 r - a ring of ice
 s - a ring of see invisible (left hand)
Wands
 f - a wand of iceblast (7)
Scrolls
 e - a scroll of enchant weapon {unknown}
 i - a scroll of blinking {unknown}
 k - 2 scrolls of immolation
 l - 2 scrolls of teleportation
 n - 2 scrolls of identify {unknown}
 p - a scroll of noise {unknown}
 q - a scroll of fog {unknown}
Potions
 d - 2 potions of might
 g - 2 potions of cancellation {unknown}
 h - a potion of haste {unknown}
 j - 2 potions of attraction {unknown}
 o - a potion of curing
 t - a potion of mutation {unknown}


   Skills:
 + Level 5.0 Fighting
 + Level 6.9 Axes
 + Level 5.1(5.5) Armour
 + Level 0.9(1.2) Dodging
 + Level 0.1 Stealth
 + Level 3.6(4.0) Shields


You had 6 spell levels left.
You didn't know any spells.
Your spell library contained the following spells:

 Spells                   Type           Power      Damage    Failure   Level
 Summon Small Mammal      Summ           0%         N/A       80%         1
 Call Canine Familiar     Summ           0%         N/A       99%         3
 Portal Projectile        Hex/Tloc       0%         N/A       99%         3
 Summon Guardian Golem    Hex/Summ       0%         N/A       99%         3
 Leda's Liquefaction      Hex/Erth       0%         N/A       100%        4


Dungeon Overview and Level Annotations

Branches:
Dungeon (4/15)             Temple (1/1) D:4

Altars:
Ashenzari
Cheibriados
Uskayaw
Zin


Message History

There are monsters nearby!
The gnoll hits you with a +0 halberd!
You closely miss the gnoll. The gnoll closely misses you.
The gnoll barely misses you.
An ogre comes into view. It is wielding a +0 giant club.
You slash the gnoll!
The gnoll is almost dead.
The gnoll hits you with a +0 halberd! The gnoll barely misses you.
You slash the gnoll!
You kill the gnoll!
The gnoll hits you from afar with a +0 halberd!
Your Fighting skill increases to level 5!
You block the ogre's attack.
You slash the ogre!
The ogre is moderately wounded.
You block the gnoll's attack. The ogre hits you with a +0 giant club!
* * * LOW HITPOINT WARNING * * *
You feel much better.
The gnoll hits you from afar with a +0 halberd.
The ogre closely misses you. The ogre closely misses you.
The gnoll barely misses you.
There is an escape hatch in the ceiling here.
You block the ogre's attack.
The gnoll hits you from afar with a +0 halberd.
A mysterious force pulls you upwards. The hatch slams shut behind you.
You closely miss the ogre.
The ogre is moderately wounded.
The ogre closely misses you.
You barely miss the ogre.
The ogre is moderately wounded.
The ogre barely misses you.
You barely miss the ogre.
The ogre is moderately wounded.
The ogre hits you with a +0 giant club!!
* * * LOW HITPOINT WARNING * * *
You slash the ogre!
The ogre is severely wounded.
The ogre hits you with a +0 giant club!!
You die...

...##.............# #..########.
#..##.............# #..#........
....#.............####..#.#######
....#..............))#.........#.
....#.............##)##.#.####.#.
....#...................#......#.
....#.....######'###....########.
....#####.# #.# #....'........
........#.# #@###...>#########
...####.#.# ###.O...............
...+......# #........###########
...####.### #........# #....
....###'######........# #.###
....##.......#........#######.#.#
....##.......#................#.#
....##.......#................#.#
.(.####'######................#..


You could see an ogre.

Vanquished Creatures
  A necrophage (D:4)
  A jelly (D:4)
  2 orc priests
  An iguana (D:4)
  Terence (D:2)
  Jessica (D:2)
  An orc wizard (D:3)
  A hound skeleton (D:4)
  4 gnolls (D:4)
  3 adders
  2 worms (D:2)
  4 dart slugs
  5 orcs
  6 ball pythons
  3 bats
  4 endoplasms
  5 giant cockroaches
  4 goblins
  5 hobgoblins
  11 jackals
  4 quokkas
  3 frilled lizards
  A kobold (D:1)
  A rat (D:1)
74 creatures vanquished.

Vanquished Creatures (others)
  3 fungi (D:2)
  3 plants (D:2)
6 creatures vanquished.

Grand Total: 80 creatures vanquished

Notes
Turn   | Place    | Note
-------+----------+-------------------------------------------
     0 | D:1      | Minsecho the Hill Orc Fighter began the quest for the Orb.
     0 | D:1      | Reached XP level 1. HP: 19/19 MP: 1/1
     0 | D:1      | Noticed a gargoyle
     0 | D:1      | Noticed a felid
     1 | D:1      | Noticed an octopode
     3 | D:1      | Noticed a gargoyle
     5 | D:1      | Noticed a draconian
     6 | D:1      | Noticed a tengu
     7 | D:1      | Noticed a draconian
     9 | D:1      | Noticed an octopode
    11 | D:1      | Noticed a draconian
    13 | D:1      | Noticed a formicid
    15 | D:1      | Noticed a demonspawn
    15 | D:1      | Noticed a formicid
    53 | D:1      | Noticed a gargoyle
   313 | D:1      | Reached XP level 2. HP: 27/27 MP: 2/2
   490 | D:1      | Reached skill level 3 in Axes
   854 | D:2      | Reached XP level 3. HP: 33/33 MP: 3/3
  1235 | D:2      | Reached XP level 4. HP: 32/41 MP: 4/4
  1303 | D:2      | Found a faded altar of an unknown god.
  1316 | D:2      | Reached skill level 4 in Axes
  1438 | D:2      | Noticed Jessica
  1452 | D:2      | Killed Jessica
  1632 | D:2      | Noticed Terence
  1652 | D:2      | Killed Terence
  1653 | D:2      | Reached skill level 5 in Axes
  1653 | D:2      | Reached XP level 5. HP: 15/47 MP: 5/5
  3383 | D:4      | Found a staircase to the Ecumenical Temple.
  3391 | D:4      | Reached XP level 6. HP: 49/53 MP: 6/6
  3416 | Temple   | Entered the Ecumenical Temple
  3532 | Temple   | Became a worshipper of Ashenzari the Shackled
  3708 | D:4      | Reached skill level 6 in Axes
  3891 | D:4      | Reached skill level 5 in Armour
  4100 | D:4      | Noticed a necrophage
  4111 | D:4      | Killed a necrophage
  4112 | D:4      | Reached XP level 7. HP: 56/60 MP: 7/7
  4192 | D:4      | Reached skill level 5 in Fighting
  4210 | D:3      | Mangled by an ogre

Illustrated notes

Levels and vault maps discovered:
D:1:      shiori_arrival_whats_in_store_for_you, layout_loops_ring,
          minmay_tetromino_i2
D:2:      layout_loops_cross, shapermc_ecumenical_altar_mp_urbaneastern,
          uniq_terence, uniq_jessica
D:3:      layout_basic, eino_tiny_chamber
D:4:      layout_cave_pools, minmay_temple_entry_mist
Temple:   eino_temple_scatter_basement

Skill      XL: |  1  2  3  4  5  6  7 |
---------------+----------------------+-----
Fighting       | 4 5 |  5.0
Axes           | 3 5 6 |  6.9
Armour         | 4 5 |  5.1
Dodging        | |  0.9
Stealth        | |  0.1
Shields        | |  3.6

Action                   |  1- 3 |  4- 6 |  7- 9 || total
-------------------------+-------+-------+-------++-------
Melee: War axe           |    88 |   139 |     8 ||   235
Invok: Curse Item        |       |       |     1 ||     1
  Use: Scroll            |       |     3 |       ||     3
       Potion            |       |     1 |     1 ||     2
Armor: Scale mail        |    33 |    83 |       ||   116
Dodge: Dodged            |    57 |    76 |     8 ||   141
Block: Buckler           |    19 |    30 |     3 ||    52
